AoeStats
← ✪

Golden Pit

508430397Analyzed
1v1 RM · 11d ago on Sep 22, 2026· 54m 39s· 2 players
Game mode
Random Map
Map size
Tiny (2 player)
Population
200
Speed
Normal
Resources
Standard
Victory
Conquest
Starting age
Dark Age
Ending age
Imperial Age
RankedLock teamsTeams togetherTeam positionsShared explorationLock speedFull tech treeHidden civsTurbo modeCheats
Victory
Defeat
🇹🇼 Franks · Taiwan
1029
+16
🇹🇷 Malay · Türkiye
1025
-16
✪
7:03 Loom
9:48 Feudal Age
10:01 Double-Bit Axe
14:02 Man-at-Arms
19:58 Horse Collar
22:26 Wheelbarrow
23:25 Gold Mining
25:55 Castle Age
24:36 Scale Barding Armor
26:10 Bow Saw
26:19 Husbandry
25:43 Light Cavalry
29:34 Fletching
32:44 Stone Mining
34:51 Forging
40:01 Bodkin Arrow
40:12 Padded Archer Armor
40:52 Stone Shaft Mining
41:09 Gold Shaft Mining
40:11 Crossbowman
41:59 Thumb Ring
41:59 Heavy Plow
45:47 Imperial Age
43:41 Hand Cart
45:41 Arbalester
46:26 Bracer
47:31 Ballistics
48:12 Chemistry
sportik
6:18 Loom
9:31 Feudal Age
13:59 Scale Barding Armor
14:05 Forging
20:41 Double-Bit Axe
23:55 Castle Age
21:55 Gold Mining
22:38 Stone Mining
25:18 Iron Casting
24:49 Husbandry
33:44 Bow Saw
34:22 Wheelbarrow
33:34 Town Watch
35:42 Gold Shaft Mining
35:44 Hand Cart
40:39 Fervor
40:39 Town Patrol
43:32 Imperial Age
42:48 Chain Barding Armor
44:10 Fortified Wall
43:58 Murder Holes
43:45 Cavalier
45:03 Plate Barding Armor
45:29 Blast Furnace
45:59 Chemistry
45:58 Conscription
46:39 Chivalry
46:52 Chivalry
49:02 Paladin
50:11 Paladin
51:59 Light Cavalry
53:04 Fletching
Connection lost

Rejoining the realm…

Still unreachable

The connection could not be restored.

Session expired

The server has moved on; the page needs a fresh start.